 Dungeon Crawl Stone Soup version 0.30.1-9-gdf580d7c3d (webtiles) character file.

Game seed: 4692395524286771313

128 HagarQim the Gusty (level 4, 34/34 HPs)
             Began as a Draconian Air Elementalist on Sept 24, 2023.
             Was a Follower of Vehumet.
             Quit the game on level 4 of the Dungeon.
             The game lasted 00:07:11 (2396 turns).

HagarQim the Gusty (Draconian Air Elementalist)     Turns: 2396, Time: 00:07:12

Health: 34/34      AC:  5    Str: 11    XL:     4   Next: 87%
Magic:  7/7        EV: 12    Int: 17    God:    Vehumet [*.....]
Gold:   175        SH:  0    Dex: 11    Spells: 2/8 levels left

rFire   . . .        a - +2 spear (vamp)
rCold   . . .        (no shield)
rNeg    . . .        (body armour unavailable)
rPois   +            (helmet restricted)
rElec   .            (no cloak)
rCorr   .            (no gloves)
SInv    .            (no boots)
Will    .....        (no amulet)
Stlth   ++           k - ring of poison resistance
HPRegen 0.25/turn    (no ring)
MPRegen 0.10/turn

%: no passive effects
@: no status effects
A: AC +5, unfitting armour, cold-blooded
a: Renounce Religion


You were on level 4 of the Dungeon.
You worshipped Vehumet.
Vehumet was aware of your devotion.
You visited 1 branch of the dungeon, and saw 5 of its levels.

You collected 175 gold pieces.

Inventory:

Hand Weapons
 a - a +2 vampiric spear (weapon)
 f - a +0 short sword
 g - a +0 dagger of venom
Jewellery
 k - a ring of poison resistance (left hand)
Potions
 b - 4 potions of curing
 e - a potion of degeneration
 i - 2 potions of lignification
 m - 2 potions of cancellation
 p - a potion of heal wounds {unknown}


   Skills:
 + Level 0.8 Fighting
 + Level 1.0 Short Blades
 + Level 0.4 Polearms
 + Level 2.5 Dodging
 + Level 2.2 Stealth
 + Level 0.1 Unarmed Combat
 + Level 2.6 Spellcasting
 + Level 1.6 Conjurations
 + Level 3.9 Air Magic


You had 2 spell levels left.
You knew the following spells:

 Your Spells              Type           Power      Damage    Failure   Level
a - Shock                 Conj/Air       44%        1d5       6%          1
b - Static Discharge      Conj/Air       22%        2-3/arc   9%          2
s - Swiftness             Air            15%        N/A       11%         3

Your spell library contained the following spells:

 Spells                   Type           Power      Damage    Failure   Level
 Freeze                   Ice            8%         1d3       19%         1
 Cigotuvi's Dreadful Rot  Necr/Pois/Air  12%        N/A       16%         2
 Lesser Beckoning         Tloc           4%         N/A       28%         2
 Airstrike                Air            7%         2d(2-18)  34%         4
 Gell's Gravitas          Tloc           2%         N/A       50%         3
 Ignite Poison            Fire/Tmut/Pois 2%         N/A       50%         3
 Teleport Other           Tloc           2%         N/A       50%         3
 Summon Lightning Spire   Summ/Air       8%         N/A       63%         4
 Freezing Cloud           Conj/Ice/Air   4%         6-21      93%         5


Dungeon Overview and Level Annotations

Branches:
Dungeon (5/15)
 Temple: D:4-7

Altars:
Vehumet


Innate Abilities, Weirdness & Mutations

Your plain brown scales are hard. (AC +5)
You cannot fit into any form of body armour.
You are cold-blooded and may be slowed by cold attacks.


Message History

The kobold barely misses you. The hobgoblin barely misses you.
You hit the hobgoblin but do no damage.
You tail-slap the hobgoblin, but do no damage.
The hobgoblin is heavily wounded.
The kobold misses you. The hobgoblin closely misses you.
You hit the hobgoblin.
You feel better.
You kill the hobgoblin!
Vehumet accepts your kill. The kobold closely misses you.
You closely miss the orc. You tail-slap the orc.
The orc is heavily wounded.
The kobold hits you with a +0 dagger. The orc closely misses you.
You hit the orc.
You feel better.
The orc is severely wounded.
The kobold closely misses you. The orc barely misses you.
The kobold closely misses you. The orc hits you with a +0 falchion.
You hit the orc.
You feel better.
You kill the orc!
Vehumet accepts your kill. The kobold hits you with a +0 dagger.
You miss the kobold. The kobold closely misses you.
You hit the kobold.
The kobold is severely wounded.
The kobold hits you but does no damage.
You hit the kobold.
You kill the kobold!
Vehumet accepts your kill.
You can now gain magical power from killing.
Vehumet offers you knowledge of Freeze.
No target in view!
Okay, then.
Unknown command.
You start resting.
You hear the slow rusting of a very distant drain.
You start resting.
HP restored.
Items here: ( )) ††.
b - 4 potions of curing (gained 2)
Items here: )) [[[ †.
Are you sure you want to abandon this character and quit the game? (Confirm with "yes".)

##.#.###.....#
#.#......###.#
##...##..###.######
##.###.>.........#
#.# ##.###.####.#
#.# #.###.#
###.####.....#
#.....)#######
#.##.#@......# #.
#.#.......# .
..#.......# .#
####.......# #.
........# #
#.......# #.....!.#
#........


There were no monsters in sight!

Vanquished Creatures
  3 gnolls (D:2)
  3 adders
  2 worms (D:2)
  3 orcs
  6 ball pythons
  5 endoplasms
  6 giant cockroaches
  8 goblins
  6 hobgoblins
  3 jackals (D:2)
  7 kobolds
  A quokka (D:1)
  3 bats (D:1)
  2 frilled lizards (D:1)
  4 rats
62 creatures vanquished.

Notes
Turn   | Place    | Note
-------+----------+-------------------------------------------
     0 | D:1      | HagarQim the Draconian Air Elementalist began the quest for
                  | the Orb.
     0 | D:1      | Reached XP level 1. HP: 14/14 MP: 3/3
   325 | D:1      | Reached XP level 2. HP: 20/20 MP: 0/5
  1069 | D:2      | Reached XP level 3. HP: 24/26 MP: 6/6
  1428 | D:2      | Found a radiant altar of Vehumet.
  1466 | D:2      | Became a worshipper of Vehumet
  1494 | D:2      | Reached XP level 4. HP: 12/34 MP: 4/7
  1638 | D:2      | Learned a level 2 spell: Static Discharge
  1643 | D:2      | Learned a level 3 spell: Swiftness
  2154 | D:3      | You fall into a shaft and drop 2 floors!
  2154 | D:5      | Entered Level 5 of the Dungeon
  2305 | D:4      | Reached skill level 1 in Short Blades
  2334 | D:4      | Reached * piety under Vehumet
  2334 | D:4      | Offered knowledge of Freeze by Vehumet.
  2396 | D:4      | Quit the game

Illustrated notes

Levels and vault maps discovered:
D:1:      dpeg_arrival_radiant, layout_loops_ring
D:2:      layout_rooms, basic_altar
D:3:      layout_basic, fedhas_altar_3, grunt_ministairs_12
D:4:      minmay_chambers_of_fours, layout_loops_cross,
          minmay_temple_entry_butterflies, portal_sewer_entry_b, uniq_grinder
D:5:      layout_rooms, trog_hazing_becter, evilmike_ruin_ashenzari,
          nicolae_gozag_zags_fifth_avenue, nicolae_overflow_quartered_altars,
          uniq_ijyb

Skill      XL: |  1  2  3  4 |
---------------+-------------+-----
Dodging        | 2 |  2.5
Stealth        | 2 |  2.2
Short Blades   | 1 |  1.0
Fighting       | |  0.8
Polearms       | |  0.4
Unarmed Combat | |  0.1
Spellcasting   | |  2.6
Conjurations   | |  1.6
Air Magic      | |  3.9

Action                     |  1- 3 |  4- 6 || total
---------------------------+-------+-------++-------
  Melee: Unarmed           |    22 |       ||    22
         Tailslap          |    14 |    12 ||    26
         Short sword       |    69 |       ||    69
         Punch             |     1 |       ||     1
         Spear             |       |   102 ||   102
   Cast: Shock             |    57 |     8 ||    65
    Use: Potion            |     3 |       ||     3
         Scroll            |       |     9 ||     9
   Stab: Sleeping          |     2 |     2 ||     4
 Armour: Skin              |    28 |    24 ||    52
  Dodge: Dodged            |    58 |    62 ||   120
